 Dungeon Crawl Stone Soup version bcrawl-1.13 (webtiles) character file.

Game seed: 13599813996083265453

40 RedPan the Changer (level 3, 0/28 HPs)
             Began as a Draconian Transmuter on July 25, 2019.
             Slain by Crazy Yiuf
             ... wielding a +3 quarterstaff of chaos
              (6 damage)
             ... on level 2 of the Dungeon.
             The game lasted 00:03:11 (2032 turns).

RedPan the Changer (Draconian Transmuter)           Turns: 2032, Time: 00:03:12

Health: 0/28       AC:  5    Str: 12    XL:     3   Next: 30%
Magic:  0/6        EV: 12    Int: 14    God:
Gold:   160        SH:  0    Dex: 11    Spells: 0/6 levels left

rFire    . . .     SeeInvis .     - Unarmed
rCold    . . .     Gourm    .   (no shield)
rNeg     . . .     Faith    .   (armour unavailable)
rPois    .         Spirit   .   (helmet restricted)
rElec    .         Reflect  .   (no cloak)
rCorr    +         Harm     .   (no gloves)
MR       .....                  (no boots)
Stlth    +.........             (no amulet)
HPRegen  0.09/turn              g - ring of resist corrosion
MPRegen  0.10/turn              (no ring)

@: starving, lightly drained
A: unfitting armour, cold-blooded, AC +5
a: no special abilities


You were on level 2 of the Dungeon.
You were starving.

You visited 1 branch of the dungeon, and saw 2 of its levels.

You collected 160 gold pieces.

Inventory:

Missiles
 a - 696 arrows
Jewellery
 g - a ring of resist corrosion (left hand)
Scrolls
 b - 2 scrolls of identify {unknown}
 e - a scroll of magic mapping
 j - a scroll of remove curse {unknown}
Potions
 c - 2 potions of lignification
 f - a potion of mutation {unknown}
 h - 2 potions of heal wounds {unknown}
 i - a potion of agility {unknown}
Comestibles
 d - 5 rations {!d}


   Skills:
 - Level 1.1(0.8) Fighting
 - Level 1.7(1.5) Dodging
 - Level 3.0(2.7) Unarmed Combat
 - Level 2.0(1.7) Spellcasting
 + Level 3.6(3.4) Transmutations
 + Level 0.5(0.2) Poison Magic


You couldn't memorise any spells.
You knew the following spells:

 Your Spells              Type           Power        Failure   Level  Hunger
a - Beastly Appendage     Tmut           ##....       6%          1    ##.....
b - Sticks to Snakes      Tmut           ##......     9%          2    ###....
c - Spider Form           Tmut/Pois      #..          34%         3    ####...

Your spell library contained the following spells:

 Spells                   Type           Power        Failure   Level  Hunger
 Ice Form                 Ice/Tmut       #.......     77%         4    #####..
 Blade Hands              Tmut           ##........   86%         5    ######.


Dungeon Overview and Level Annotations

Branches:
Dungeon (2/12)

Altars:

Annotations:
D:2 Crazy Yiuf, Terence


Innate Abilities, Weirdness & Mutations

Your plain brown scales are hard. (AC +5)
You cannot fit into any form of body armour.
You are cold-blooded and may be slowed by cold attacks.


Message History

Your ball python constricts Crazy Yiuf.
Your ball python bites Crazy Yiuf.
Your ball python bites Crazy Yiuf but does no damage.
Crazy Yiuf barely misses you.
You hit Crazy Yiuf but do no damage.
Crazy Yiuf is moderately wounded.
Your ball python bites Crazy Yiuf.
Your ball python constricts Crazy Yiuf.
Your ball python bites Crazy Yiuf.
Your ball python bites Crazy Yiuf but does no damage.
Crazy Yiuf hits you with a +3 quarterstaff of chaos!
Space bends around you.
* * * LOW HITPOINT WARNING * * *
You hit Crazy Yiuf but do no damage. You tail-slap Crazy Yiuf.
Crazy Yiuf is heavily wounded.
Your ball python bites Crazy Yiuf but does no damage.
Your ball python constricts Crazy Yiuf.
Your ball python bites Crazy Yiuf but does no damage. x3
Your ball python constricts Crazy Yiuf.
Crazy Yiuf says, "Hack!
Dawk cower head."
Crazy Yiuf hits you with a +3 quarterstaff of chaos.
You die...

#.#####.########## ### #)# #
#รท# #.# ### #######.##
#)..### ##..#.##..#
#...g.####SS....##.#
#...##..#.gS....##.#########
### ###.#.@.##.##..........
########.##..........
#..#..........
##............ ###..........
#......<... #..........
#.......... #..........


You could see Crazy Yiuf and 3 friendly ball pythons.

Vanquished Creatures
  2 dart slugs
  3 leopard geckos (D:1)
  An orc (D:2)
  2 bats
  2 giant cockroaches
  2 hobgoblins
  2 jackals (D:2)
  A quokka (D:2)
  3 ball pythons
  2 frilled lizards (D:1)
  5 goblins
  3 kobolds
  4 rats
32 creatures vanquished.

Notes
Turn   | Place    | Note
-------+----------+-------------------------------------------
     0 | D:1      | RedPan the Draconian Transmuter began the quest for the
                  | Orb.
     0 | D:1      | Reached XP level 1. HP: 16/16 MP: 3/3
   291 | D:1      | Reached XP level 2. HP: 20/23 MP: 5/5
   734 | D:1      | Learned a level 2 spell: Sticks to Snakes
   875 | D:2      | Reached XP level 3. HP: 18/28 MP: 4/6
  1004 | D:2      | Learned a level 3 spell: Spider Form
  1568 | D:2      | Noticed Terence
  1569 | D:2      | Paralysed by Terence for 4 turns
  1896 | D:2      | Found a runed door.
  2017 | D:2      | Noticed Crazy Yiuf
  2032 | D:2      | Slain by Crazy Yiuf

Skill      XL: |  1  2 |
---------------+-------+-----
Transmutations | 3 |  3.6
Fighting       | |  1.1
Dodging        | |  1.7
Unarmed Combat | |  3.0
Spellcasting   | |  2.0
Poison Magic   | |  0.5

Action                   || total
-------------------------++-------
Melee: Unarmed           ||   136
       Tailslap          ||    14
       Headbutt          ||     2
 Cast: Beastly Appendage ||     5
       Sticks to Snakes  ||     6
  Use: Scroll            ||     2
 Stab: Sleeping          ||     1
  Eat: Chunk             ||     2
Armor: Skin              ||    29
Dodge: Dodged            ||    95
